 Dungeon Crawl Stone Soup version 0.27-a0-1177-g245c70e1c0 (webtiles) character file.

Game seed: 2302641194113886288

14750 polve the Fighter (level 11, -10/90 HPs)
             Began as a Demonspawn Gladiator on May 16, 2021.
             Was a Believer of Uskayaw.
             Mangled by a minotaur
             ... wielding a +0 bardiche
              (41 damage)
             ... in a Gauntlet.
             The game lasted 00:20:15 (14456 turns).

polve the Fighter (Demonspawn Gladiator)           Turns: 14456, Time: 00:20:15

Health: -10/90     AC: 17    Str: 18    XL:     11   Next: 92%
Magic:  17/17      EV: 11    Int: 11    God:    Uskayaw [**....]
Gold:   790        SH: 13    Dex: 15    Spells: 10/10 levels left

rFire    + + .     SeeInvis .   a - +0 rapier
rCold    + + .     Faith    .   f - +2 kite shield
rNeg     . . .     Spirit   .   u - +1 ring mail of the Skies Above {rPois rC+ Slay+5}
rPois    +         Reflect  .   c - +0 helmet
rElec    +         Harm     .   G - +0 cloak
rCorr    +         Rampage  .   t - +0 pair of gloves
Will     .....     NoTele   +   x - +2 pair of boots {Stlth+}
Stlth    ++++......             C - amulet of regeneration
HPRegen  1.25/turn              e - ring of protection from fire
MPRegen  0.15/turn              p - +4 ring of protection

@: mighty, brilliant, resistant, attractive, hasted (expiring), very quick
A: talons 2, foul stench 1, spiny 1, big brain 1
a: Renounce Religion, Stomp, Line Pass


You were in a Gauntlet.
You worshipped Uskayaw.
Uskayaw was aware of your devotion.
You visited 3 branches of the dungeon, and saw 13 of its levels.
You also visited: Gauntlet.

You collected 790 gold pieces.

Inventory:

Hand Weapons
 a - a +0 rapier (weapon)
 b - a +1 dagger of venom
Missiles
 d - 6 throwing nets (quivered)
 z - a curare-tipped dart
 L - 7 boomerangs of dispersal
Armour
 c - a +0 helmet (worn)
 f - a +2 kite shield (worn)
 o - a +0 plate armour
 t - a +0 pair of gloves (worn)
 u - the +1 ring mail of the Skies Above (worn) {rPois rC+ Slay+5}
   (You found it on level 5 of the Dungeon)

   It affects your accuracy and damage with ranged weapons and melee attacks
   (+5).
   It protects you from cold.
   It protects you from poison.
 x - a +2 pair of boots of stealth (worn)
 G - a +0 cloak (worn)
Jewellery
 e - a ring of protection from fire (left hand)
 p - a +4 ring of protection (right hand)
 w - an amulet of magic regeneration
 C - an amulet of regeneration (around neck)
 E - a ring of resist corrosion
Wands
 h - a wand of flame (23)
 y - a wand of polymorph (6)
 H - a wand of charming (13)
 N - a wand of paralysis (8)
Scrolls
 g - a scroll of brand weapon {unknown}
 j - 4 scrolls of immolation
 k - a scroll of vulnerability
 l - a scroll of fog
 r - a scroll of blinking
 s - 2 scrolls of fear
 v - 2 scrolls of teleportation
 B - 2 scrolls of amnesia {unknown}
 D - 3 scrolls of enchant weapon
 F - 2 scrolls of magic mapping
 M - 2 scrolls of identify
Potions
 n - 3 potions of mutation
 q - a potion of flight
 A - 2 potions of brilliance
Miscellaneous
 O - a tin of tremorstones (2/2)


   Skills:
 - Level 10.0 Fighting
 - Level 8.0 Short Blades
 - Level 1.7 Throwing
 - Level 4.0 Armour
 - Level 4.0 Dodging
 - Level 8.0 Stealth
 + Level 8.7 Shields
 - Level 8.0 Invocations


You had 10 spell levels left.
You didn't know any spells.
Your spell library contained the following spells:

 Spells                   Type           Power      Damage    Failure   Level
 Animate Skeleton         Necr           0%         N/A       80%         1
 Corona                   Hex            0%         N/A       80%         1
 Magic Dart               Conj           0%         1d3       80%         1
 Pain                     Necr           0%         1d4       80%         1
 Shock                    Conj/Air       0%         1d3       80%         1
 Corpse Rot               Necr/Air       N/A        N/A       91%         2
 Searing Ray              Conj           0%         3d3       91%         2
 Slow                     Hex            0%         N/A       91%         2
 Dazzling Flash           Conj/Hex       0%         N/A       99%         3
 Inner Flame              Hex/Fire       0%         N/A       99%         3
 Portal Projectile        Hex/Tloc       0%         N/A       99%         3
 Swiftness                Air            0%         N/A       99%         3
 Vampiric Draining        Necr           0%         2d6       99%         3
 Animate Dead             Necr           0%         N/A       100%        4
 Cause Fear               Hex            0%         N/A       100%        4
 Fulminant Prism          Conj/Hex       0%         3d6       100%        4
 Iskenderun's Mystic Bla  Conj/Tloc      0%         2d3       100%        4
 Leda's Liquefaction      Hex/Erth       0%         N/A       100%        4
 Agony                    Necr           0%         N/A       100%        5
 Conjure Ball Lightning   Conj/Air       0%         3x3d6     100%        6


Dungeon Overview and Level Annotations

Branches:
Dungeon (11/15)            Temple (1/1) D:5            Lair (1/6) D:8
    Orc (0/2) D:10        Gauntlet (1/1)

Altars:
Ashenzari
Cheibriados
Dithmenos
Elyvilon
Fedhas
Gozag
Hepliaklqana
Kikubaaqudgha
Makhleb
Nemelex Xobeh
Okawaru
Qazlal
Ru
Sif Muna
Trog
Uskayaw
Vehumet
Wu Jian
Xom
Yredelemnul
Zin
The Shining One
Beogh

Annotations:
Gauntlet 8 transporters


Innate Abilities, Weirdness & Mutations

You have razor-sharp toenails.
You may rarely emit foul miasma when damaged in melee.
You are partially covered in sharp spines.
You have an unusually large brain. (Int +2)


Message History

The minotaur misses you. You block the minotaur's attack.
You hit the minotaur but do no damage.
The minotaur is moderately wounded.
You block the minotaur's attack. The minotaur gores you!
You hit the minotaur but do no damage.
The minotaur is moderately wounded.
You puncture the minotaur!
The minotaur is heavily wounded.
You block the minotaur's attack. The minotaur barely misses you.
You hit the minotaur.
The minotaur is heavily wounded.
Your extra speed is starting to run out.
The minotaur closely misses you.
The minotaur gores you but does no damage.
You completely miss the minotaur.
The minotaur is heavily wounded.
You hit the minotaur.
The minotaur is heavily wounded.
The minotaur is struck by your spines.
The minotaur hits you with a +0 bardiche!
You emit a cloud of foul miasma!
The minotaur gores you.
You barely miss the minotaur.
The minotaur furiously retaliates!
The minotaur headbutts you!
The minotaur is heavily wounded.
The minotaur is engulfed in dark miasma.
You block the minotaur's attack. x2
You hit the minotaur but do no damage.
The minotaur is heavily wounded.
You puncture the minotaur!
The minotaur is severely wounded.
The minotaur is engulfed in dark miasma.
The minotaur hits you with a +0 bardiche!
The minotaur gores you but does no damage.
You can now pass through a line of other dancers.
You puncture the minotaur!
The minotaur is almost dead.
The minotaur is engulfed in dark miasma.
The minotaur is struck by your spines.
The minotaur hits you with a +0 bardiche!!!
You die...

####:.[# ## ###8.#8.8#.8###
#....#.H.#....# #.#..#8.8#..#.#
#.#..##'##..#.# #.............#
#.#.##.#.##.#.# #.#.H..#....#.#
###.#@#######.#.###
#.................#
#.♣.♣.©.©.©.©.♣.♣.#
................. ### ###
##################### #
###≈###≈###≈###...........###≈###
≈#≈≈≈#≈≈≈#≈≈≈#..♣P......♣..#≈≈≈#≈
................P...∩...P........
.P♣P.P♣...♣P..♣...........♣P..♣P.


You could see a minotaur.

Vanquished Creatures
  Snorg (D:10)
  A great orb of eyes (Gauntlet)
  2 hydras
  A centaur warrior (D:11)
  2 two-headed ogres
  2 ugly things (Gauntlet)
  A cyclops (D:11)
  Maurice (D:9)
  An unseen horror (D:11)
  3 kobold demonologists (D:9)
  A troll (D:11)
  4 flying skulls (Gauntlet)
  6 yaks (Lair:1)
  Menkaure (D:5)
  2 vampire mosquitoes (D:10)
  A water moccasin (D:7)
  2 ice beasts (D:7)
  3 sky beasts
  3 orc warriors
  3 black bears
  4 necrophages
  A boggart (Gauntlet)
  3 ogres
  4 centaurs
  A phantom (D:4)
  2 kobold brigands
  A bullfrog (D:7)
  2 gnoll sergeants
  6 scorpions
  12 killer bees
  8 wights
  A howler monkey (D:8)
  2 centaur zombies
  A bullfrog zombie (D:6)
  5 hounds
  2 jellies
  8 orc priests
  A centaur skeleton (D:7)
  3 gnoll shamans
  4 iguanas
  10 orc wizards
  Natasha (thrice) (D:3)
  2 hound skeletons (D:4)
  Robin (D:3)
  22 gnolls
  A howler monkey skeleton (D:4)
  9 adders
  2 ufetubi
  2 worms
  3 dart slugs
  22 orcs
  A bat zombie (D:9)
  7 endoplasms
  3 giant cockroaches (D:1)
  12 goblins
  10 hobgoblins
  4 jackals (D:3)
  5 quokkas
  5 ball pythons
  5 bats
  4 frilled lizards
  21 kobolds
  11 rats
  A rat zombie (D:9)
278 creatures vanquished.

Vanquished Creatures (others)
  An orc wizard (D:9)
  A demonic plant (Gauntlet)
2 creatures vanquished.

Grand Total: 280 creatures vanquished

Notes
Turn   | Place    | Note
-------+----------+-------------------------------------------
     0 | D:1      | polve the Demonspawn Gladiator began the quest for the Orb.
     0 | D:1      | Reached XP level 1. HP: 16/16 MP: 1/1
   223 | D:1      | Found a faded altar of an unknown god.
   287 | D:1      | Gained mutation: You have sharp toenails. [demonic
                  | ancestry]
   287 | D:1      | Reached XP level 2. HP: 22/22 MP: 2/2
  1094 | D:1      | Gained mutation: You are partially covered in sharp spines.
                  | [demonic ancestry]
  1094 | D:1      | Reached XP level 3. HP: 23/27 MP: 3/3
  1908 | D:2      | Reached skill level 1 in Armour
  2298 | D:3      | Reached XP level 4. HP: 29/33 MP: 4/4
  2612 | D:3      | Found an iron altar of Okawaru.
  2907 | D:3      | Noticed Natasha
  2915 | D:3      | Killed Natasha
  3007 | D:3      | Noticed Natasha
  3016 | D:3      | Killed Natasha
  3146 | D:3      | Gained mutation: You have razor-sharp toenails. [demonic
                  | ancestry]
  3146 | D:3      | Reached XP level 5. HP: 32/38 MP: 5/5
  3160 | D:3      | Noticed Robin
  3170 | D:3      | Killed Robin
  3358 | D:3      | Noticed Natasha
  3367 | D:3      | Killed Natasha
  3651 | D:4      | Reached skill level 3 in Fighting
  3651 | D:4      | Reached XP level 6. HP: 36/47 MP: 6/6
  4109 | D:4      | Reached skill level 4 in Fighting
  4457 | D:4      | Reached skill level 5 in Fighting
  4457 | D:4      | Gained mutation: You may rarely emit foul miasma when
                  | damaged in melee. [demonic ancestry]
  4457 | D:4      | Reached XP level 7. HP: 47/56 MP: 7/7
  4731 | D:4      | Found a radiant altar of Vehumet.
  4894 | D:4      | Reached skill level 6 in Fighting
  5085 | D:4      | Reached skill level 1 in Shields
  5323 | D:5      | Entered Level 5 of the Dungeon
  5790 | D:5      | Reached XP level 8. HP: 19/64 MP: 8/8
  6968 | D:5      | Reached skill level 5 in Short Blades
  7440 | D:5      | Noticed Menkaure
  7451 | D:5      | Killed Menkaure
  7685 | D:5      | Found a staircase to the Ecumenical Temple.
  7693 | D:5      | Identified the +1 ring mail of the Skies Above {rPois rC+
                  | Slay+5}
  7940 | D:5      | Found a sparkling altar of Nemelex Xobeh.
  7946 | D:5      | Gained mutation: You have an unusually large brain. (Int
                  | +2) [demonic ancestry]
  7946 | D:5      | Reached XP level 9. HP: 49/69 MP: 9/9
  8162 | D:5      | Found a broken altar of Ashenzari.
  8482 | Temple   | Entered the Ecumenical Temple
  9415 | D:6      | Reached skill level 5 in Shields
  9972 | D:7      | Found a hazy altar of Hepliaklqana.
 11068 | D:8      | Found a staircase to the Lair.
 11167 | D:8      | Reached XP level 10. HP: 21/76 MP: 10/10
 11238 | D:8      | Found a shadowy altar of Dithmenos.
 11312 | D:8      | Found a hide-covered altar of Uskayaw.
 11325 | D:8      | Became a worshipper of Uskayaw the Reveller
 11398 | D:8      | Reached * piety under Uskayaw
 11402 | D:8      | Reached ** piety under Uskayaw
 11413 | D:8      | Reached *** piety under Uskayaw
 11470 | D:8      | Noticed a two-headed ogre
 11479 | D:8      | Killed a two-headed ogre
 11480 | D:8      | Reached skill level 7 in Fighting
 11568 | D:8      | Found a snail-covered altar of Cheibriados.
 11880 | D:9      | Found a shimmering altar of Xom.
 11881 | D:9      | Found a shimmering altar of Xom.
 11881 | D:9      | Found a shimmering altar of Xom.
 11881 | D:9      | Found a shimmering altar of Xom.
 11884 | D:9      | Found a shimmering altar of Xom.
 11884 | D:9      | Found a shimmering altar of Xom.
 11904 | D:9      | Noticed a smoke demon
 11912 | D:9      | Reached **** piety under Uskayaw
 11915 | D:9      | Reached skill level 8 in Fighting
 11916 | D:9      | Reached ***** piety under Uskayaw
 12154 | D:9      | Found an ancient bone altar of Kikubaaqudgha.
 12184 | D:9      | Identified the +1 shortbow "Runackis" {flame, +Blink rF+}
 12220 | D:9      | Reached ****** piety under Uskayaw
 12288 | D:9      | Noticed Maurice
 12297 | D:9      | Killed Maurice
 12298 | D:9      | Reached skill level 9 in Fighting
 12465 | D:9      | Identified the Collected Works on the Unholy Birds
 12656 | D:10     | Entered Level 10 of the Dungeon
 12704 | D:10     | Found a staircase to the Orcish Mines.
 12835 | D:10     | Noticed Snorg
 12849 | D:10     | Killed Snorg
 12850 | D:10     | Reached skill level 10 in Fighting
 12850 | D:10     | Reached XP level 11. HP: 61/90 MP: 11/11
 12936 | D:10     | Noticed a six-headed hydra
 12949 | D:10     | Killed a six-headed hydra
 12950 | D:10     | Reached skill level 5 in Stealth
 13114 | D:10     | Found a blossoming altar of Fedhas.
 13254 | D:11     | Noticed a centaur warrior
 13258 | D:11     | Killed a centaur warrior
 13318 | D:11     | Noticed a two-headed ogre
 13325 | D:11     | Killed a two-headed ogre
 13441 | D:11     | Reached skill level 5 in Invocations
 13495 | D:11     | Noticed a five-headed hydra
 13510 | D:11     | Killed a five-headed hydra
 13829 | Lair:1   | Entered Level 1 of the Lair of Beasts
 13883 | Lair:1   | Found a gate leading to a gauntlet.
 13889 | Gauntlet | Entered a Gauntlet
 13889 | Gauntlet | Found a transporter.
 13899 | Gauntlet | Found a transporter.
 13908 | Gauntlet | Found a runed translucent door.
 13910 | Gauntlet | Found a transporter.
 13913 | Gauntlet | Found a transporter.
 13918 | Gauntlet | Noticed a thrashing horror
 13921 | Gauntlet | Found a transporter.
 13936 | Gauntlet | Noticed a great orb of eyes
 13937 | Gauntlet | Noticed a green ugly thing
 13939 | Gauntlet | Found a transporter.
 13939 | Gauntlet | Noticed a white ugly thing
 13952 | Gauntlet | Found a transporter.
 13963 | Gauntlet | Noticed a fire crab
 13964 | Gauntlet | Found a transporter.
 13967 | Gauntlet | Noticed an orb spider
 13969 | Gauntlet | Found a transporter.
 13997 | Gauntlet | Found a transporter.
 13997 | Gauntlet | Found a transporter.
 14018 | Gauntlet | Noticed a fire crab
 14022 | Gauntlet | a fire crab changed into a wind drake
 14034 | Gauntlet | Noticed a harpy
 14034 | Gauntlet | a queen bee changed into a harpy
 14050 | Gauntlet | Found a transporter.
 14050 | Gauntlet | Found a transporter.
 14063 | Gauntlet | Found a transporter.
 14082 | Gauntlet | Noticed a two-headed ogre
 14135 | Gauntlet | Noticed a shining eye
 14317 | Gauntlet | Paralysed by a great orb of eyes for 2 turns
 14320 | Gauntlet | Identified the ring "Lepesh" {*Slow rC++ rCorr Int+3}
 14337 | Gauntlet | Killed a cyan ugly thing
 14343 | Gauntlet | Killed a red ugly thing
 14347 | Gauntlet | Killed a great orb of eyes
 14398 | Gauntlet | Identified the +3 scale mail of the Iron City of Dis {rElec
                  | rC++}
 14398 | Gauntlet | Identified the ring "Ruduaxt" {rPois rC- rN+ Slay+2}
 14398 | Gauntlet | Noticed a minotaur
 14456 | Gauntlet | Mangled by a minotaur

Illustrated notes

Levels and vault maps discovered:
D:1:      dpeg_arrival_rooms_a, layout_basic, basic_ecumenical_altar,
          chequers_serial_rivers_micro_e, minmay_3d_cube
D:2:      layout_loops_cross, minmay_pentomino_w2
D:3:      layout_loops_cross, amcnicky_altar_gilded, minmay_misc_feat_cross,
          grunt_decor_junction, dk_noncrumbling_4, kennysheep_big_empty_room,
          minivault_14, eino_tiny_chamber, minmay_checkerbox, uniq_natasha,
          uniq_robin
D:4:      layout_basic, overflow_temple_1_default, nicolae_elyvilon_temple_path,
          grunt_decor_cap
D:5:      layout_loops_corners, nemelex_dance_club_becter, jmf_multi_god_temple,
          minmay_temple_entry_glassed_door, lightli_sewer_entry_pipes,
          hangedman_abyss_or_decor_lesser_grid, uniq_menkaure
D:6:      layout_gridville
D:7:      layout_basic, old_standard_altar
D:8:      layout_gridville, nicolae_uskayaw_murder_on_the_dancefloor,
          lemuel_crystal_altar, old_standard_altar, lair_entry_dummy,
          minivault_11
D:9:      layout_loops_ring, xom_shifter_show,
          lemuel_zombie_altar_kikubaaqudgha, chequers_serial_rivers_micro_a,
          uniq_maurice
D:10:     layout_cave_pools, fedhas_altar_4, minmay_orc_entry_temple_small,
          corexii_hall_statues_i, uniq_snorg
D:11:     layout_cave_pools
Temple:   compressed_dpeg_triangle_lava_temple
Lair:1:   layout_small_grid, gauntlet_entry_generic,
          grunt_forest_large_clearing_hut, serial_bayou_shore_b
Gauntlet: minmay_gauntlet_77_tree [minmay_gauntlet_arena_77_two_lines,
          minmay_gauntlet_arena_77_terracotta_army,
          minmay_gauntlet_arena_77_path, minmay_gauntlet_arena_77_box,
          minmay_gauntlet_arena_77_fan, minmay_gauntlet_arena_77_p_blocks,
          minmay_gauntlet_arena_77_two_paths,
          nicolae_gauntlet_exit_dead_adventurers]

Skill      XL: |  1  2  3  4  5  6  7  8  9 10 11 |
---------------+----------------------------------+-----
Short Blades   | 3 4 7 8 |  8.0
Armour         | 1 3 4 |  4.0
Fighting       | 3 5 6 10 | 10.0
Shields        | 4 8 |  8.7
Dodging        | 4 |  4.0
Stealth        | 4 8 |  8.0
Invocations    | 8 |  8.0
Throwing       | |  1.7

Action                   |  1- 3 |  4- 6 |  7- 9 | 10-12 || total
-------------------------+-------+-------+-------+-------++-------
Melee: Rapier            |    90 |    78 |   262 |   233 ||   663
       Kick              |    25 |    31 |   118 |    78 ||   252
       Dagger            |       |    76 |    59 |    11 ||   146
  Use: Potion            |       |       |     2 |    15 ||    17
       Scroll            |       |       |       |    11 ||    11
 Stab: Sleeping          |     2 |       |       |     1 ||     3
       Paralysed         |       |       |       |    16 ||    16
Armor: Leather armour    |    23 |     2 |       |       ||    25
       Scale mail        |       |    41 |       |       ||    41
       Plate armour      |       |     6 |   102 |       ||   108
       Ring mail         |       |       |    44 |   110 ||   154
Dodge: Dodged            |    47 |    60 |    88 |    96 ||   291
Block: Kite shield       |       |     5 |   214 |   181 ||   400

Table legend: (Time is in decaauts)
 A = Elapsed time spent in this place.
 B = Non-inter-level travel time spent in this place.
 C = Inter-level travel time spent in this place.
 D = Time resting spent in this place.
 E = Time spent auto-exploring this place.
 F = Levels seen in this place.
 G = Mean time per level.
                   A        B        C        D        E       F      G
               +--------+--------+--------+--------+--------+-----+--------+
         Total |  14494 |  13942 |    552 |     11 |  11819 |  14 | 1035.3 |
       Dungeon |  13590 |  13048 |    542 |      5 |  11311 |  11 | 1235.5 |
        Temple |    294 |    285 |      9 |      0 |    242 |   1 |  294.0 |
          Lair |     58 |     58 |      0 |      0 |      0 |   1 |   58.0 |
      Gauntlet |    550 |    550 |      0 |      6 |    266 |   1 |  550.0 |
               +--------+--------+--------+--------+--------+-----+--------+

Top non-repeatable levels by time:
     D:5: 2533 daAuts
     D:4: 2471 daAuts
     D:1: 1318 daAuts
     D:3: 1305 daAuts
     D:6: 1049 daAuts
     D:7: 1040 daAuts
     D:8: 1016 daAuts
     D:2: 938 daAuts
     D:9: 808 daAuts
    D:10: 616 daAuts
Gauntlet: 550 daAuts
    D:11: 490 daAuts
  Temple: 294 daAuts
  Lair:1: 58 daAuts
